 Dungeon Crawl Stone Soup version 0.26-a0-682-g294304f6e8 (webtiles) character file.

Game seed: 6645040156878350992

206438 Johnny the Metallomancer (level 17, -2/111 HPs)
             Began as a Demigod Earth Elementalist on Oct 20, 2020.
             Slain by a harpy (10 damage)
             ... on level 1 of the Shoals.
             The game lasted 00:57:31 (37839 turns).

Johnny the Metallomancer (DgEE)                    Turns: 37839, Time: 00:57:31

Health: -2/111     AC: 14    Str: 12    XL:     17   Next: 81%
Magic:  27/41      EV:  6    Int: 46    God:
Gold:   1957       SH:  0    Dex: 14    Spells: 12/45 levels left

rFire    . . .     SeeInvis +   j - staff of earth
rCold    . . .     Faith    .   E - +3 warlock's mirror {reflect}
rNeg     . . .     Spirit   .   O - +4 troll leather armour
rPois    .         Reflect  +   h - +2 hat {Int+3}
rElec    .         Harm     .   w - +0 cloak
rCorr    .         Rampage  .   c - +2 pair of gloves {Str+3}
MR       +....                  (no boots)
Stlth    +.........             u - amulet of magic regeneration
HPRegen  0.68/turn              S - +6 ring of intelligence
MPRegen  0.52/turn              s - ring of Hapry Moegg {Str-2 Int+8 Dex-2 SInv Stlth-}

@: held, studying Necromancy
A: high mp 1
a: no special abilities


You were on level 1 of the Shoals.
You visited 5 branches of the dungeon, and saw 25 of its levels.
You also visited: Gauntlet and Volcano.

You collected 3509 gold pieces.
You spent 1552 gold pieces at shops.

Inventory:

Hand Weapons
 r - the +6 morningstar of the Empty Page {drain, +Rage rElec Int+5}
   (You took it off a deep elf annihilator on level 3 of the Elven Halls)

   A truly terrible weapon, it drains the life of those it strikes.
   It affects your intelligence (+5).
   It insulates you from electricity.
   It lets you go berserk.
Missiles
 b - 356 stones (quivered)
Armour
 a - a +1 helmet of see invisible
 c - a +2 pair of gloves of strength (worn)
 h - a +2 hat of intelligence (worn)
 w - a +0 cloak (worn)
 E - the +3 warlock's mirror (worn) {reflect}
   (You took it off a deep elf sorcerer on level 3 of the Elven Halls)
 O - a +4 troll leather armour (worn)
Magical Staves
 j - an uncursed staff of earth (weapon)
Jewellery
 e - the amulet of the Scarab {Regen+ Stlth+}
   (You took it off a minotaur in a Gauntlet)

   [amulet of regeneration]

   It increases your rate of regeneration.
   It makes you more stealthy.
 i - a +6 ring of intelligence
 k - a +4 ring of protection
 p - a +4 ring of evasion
 s - the ring of Hapry Moegg (right hand) {Str-2 Int+8 Dex-2 SInv Stlth-}
   (You took it off a tengu conjurer in a Gauntlet)

   [ring of attention]

   It affects your strength (-2).
   It affects your intelligence (+8).
   It affects your dexterity (-2).
   It lets you see invisible.
   It makes you less stealthy.
 u - an amulet of magic regeneration (around neck)
 y - an uncursed ring of poison resistance
 H - an uncursed ring of wizardry
 S - a +6 ring of intelligence (left hand)
 X - an uncursed ring of protection from fire
Wands
 J - a wand of acid (12)
 T - a wand of paralysis (6)
Scrolls
 d - 11 scrolls of remove curse
 f - 5 scrolls of teleportation
 m - 6 scrolls of fear
 v - 4 scrolls of blinking
 z - 4 scrolls of enchant armour
 B - 4 scrolls of immolation
 D - 8 scrolls of magic mapping
 Q - 3 scrolls of vulnerability
 Z - 4 scrolls of fog
Potions
 g - 5 potions of might
 l - a potion of invisibility
 n - 3 potions of magic
 o - 3 potions of flight
 q - 10 potions of curing
 t - 8 potions of mutation
 x - 6 potions of heal wounds
 C - a potion of resistance
 F - 3 potions of stabbing
 G - 4 potions of haste
 I - 2 potions of berserk rage
 K - 3 potions of lignification {unknown}
 M - a potion of cancellation {unknown}
 P - 7 potions of ambrosia {unknown}
Books
 U - a manual of Necromancy
Miscellaneous
 A - a phantom mirror
 L - a phial of floods
 R - a box of beasts (3/3)
 V - a lightning rod (4/4)
 W - a box of beasts (3/3)
 Y - a tin of tremorstones (3/3)


   Skills:
 - Level 1.7 Dodging
 - Level 1.7 Stealth
 - Level 10.5 Shields
 + Level 14.8 Spellcasting
 - Level 0.8 Transmutations
 * Level 21.3 Earth Magic


You had 12 spell levels left.
You knew the following spells:

 Your Spells              Type           Power        Failure   Level
a - Sandblast             Erth           ######       0%          1
b - Stone Arrow           Conj/Erth      ######       1%          3
c - Lee's Rapid Deconstr  Erth           ########..   0%          5
d - Petrify               Tmut/Erth      ########     1%          4
e - Blink                 Tloc           N/A          1%          2
f - Iron Shot             Conj/Erth      ########..   1%          6
g - Shatter               Erth           ########..   14%         9
h - Mephitic Cloud        Conj/Pois/Air  ####....     2%          3

Your spell library contained the following spells:

 Spells                   Type           Power        Failure   Level
 Passwall                 Tmut/Erth      ########     0%          2
 Apportation              Tloc           ####..       1%          1
 Corona                   Hex            ####...      1%          1
 Foxfire                  Conj/Fire      ####         1%          1
 Magic Dart               Conj           ####         1%          1
 Shock                    Conj/Air       ####         1%          1
 Sting                    Tmut/Pois      ####         1%          1
 Summon Small Mammal      Summ           ####         1%          1
 Call Imp                 Summ           ####....     1%          2
 Corpse Rot               Necr/Air       N/A          1%          2
 Ensorcelled Hibernation  Hex/Ice        ####..       1%          2
 Poisonous Vapours        Pois/Air       ####..       1%          2
 Searing Ray              Conj           ####..       1%          2
 Slow                     Hex            ####....     1%          2
 Sublimation of Blood     Necr           ####......   1%          2
 Leda's Liquefaction      Hex/Erth       ########..   1%          4
 Bolt of Magma            Conj/Fire/Erth #######...   1%          5
 Statue Form              Tmut/Erth      ########.    1%          6
 Call Canine Familiar     Summ           ####....     2%          3
 Confusing Touch          Hex            ####....     2%          3
 Conjure Flame            Conj/Fire      ####....     2%          3
 Dazzling Flash           Conj/Hex       ####..       2%          3
 Gell's Gravitas          Tloc           ####......   2%          3
 Ignite Poison            Fire/Tmut/Pois #####...     2%          3
 Inner Flame              Hex/Fire       ####....     2%          3
 Lesser Beckoning         Tloc           ####......   2%          3
 Portal Projectile        Hex/Tloc       ####..       2%          3
 Summon Guardian Golem    Hex/Summ       ####....     2%          3
 Tukima's Dance           Hex            ####....     2%          3
 Cause Fear               Hex            ####......   9%          4
 Dispel Undead            Necr           ####....     9%          4
 Fulminant Prism          Conj/Hex       ####......   9%          4
 Iskenderun's Mystic Bla  Conj/Tloc      ####....     9%          4
 Olgreb's Toxic Radiance  Pois           ####....     9%          4
 Sticky Flame             Conj/Fire      ####....     9%          4
 Summon Ice Beast         Ice/Summ       ####....     9%          4
 Summon Lightning Spire   Summ/Air       ####....     9%          4
 Alistair's Intoxication  Tmut/Pois      #####....    22%         5
 Yara's Violent Unravell  Hex/Tmut       #####.....   22%         5
 Agony                    Necr           ####....     26%         5
 Excruciating Wounds      Necr           ####......   26%         5
 Fireball                 Conj/Fire      ####......   26%         5
 Silence                  Hex/Air        ####......   26%         5
 Summon Demon             Summ           ####......   26%         5
 Summon Forest            Summ/Tloc      ####......   26%         5
 Summon Mana Viper        Hex/Summ       ####....     26%         5
 Eringya's Noxious Bog    Tmut/Pois      #####.....   75%         6
 Dispersal                Tloc           ####......   80%         6
 Invisibility             Hex            ####....     80%         6
 Shadow Creatures         Summ           N/A          80%         6
 Summon Hydra             Summ           ####......   100%        7
 Discord                  Hex            ####......   100%        8
 Disjunction              Tloc           ####......   100%        8


Dungeon Overview and Level Annotations

Branches:
Dungeon (13/15)            Temple (0/1) D:4            Lair (6/6) D:9
 Shoals (1/4) Lair:2        Snake (0/4) Lair:3        Slime (0/5) Lair:5
    Orc (2/2) D:10            Elf (3/3) Orc:2       Volcano (visited)
Gauntlet (visited)
 Vaults: D:13-14

Shops:
D:6 (   D:11 }*   D:12 ?*!=   Orc:2 *[(:

Annotations:
D:13 Frances


Innate Abilities, Weirdness & Mutations

You have an increased reservoir of magic. (+10% MP)


Message History

Casting: Sandblast (safe; 0% risk of failure)
Confirm with . or Enter, or press ? or * to list all spells.
Aiming: Sandblast (safe; 0% risk of failure)
Press: ? - help, Shift-Dir - straight line, f - harpy
Aim: a harpy You feel a surge of power!
The blast of sand hits the harpy!
The harpy is moderately wounded.
b - 356 stones The harpy barely misses you.
The harpy claws you.
* * * LOW HITPOINT WARNING * * *
The harpy claws you but does no damage. x2
Unknown command.
You feel much better. The harpy claws you!
* * * LOW HITPOINT WARNING * * *
The harpy claws you!
* * * LOW HITPOINT WARNING * * *
The harpy claws you.
* * * LOW HITPOINT WARNING * * *
The harpy claws you!
You die...

≈≈≈≈≈≈≈≈≈≈≈≈≈≈≈
≈≈≈≈≈≈≈≈≈≈≈≈≈≈≈≈
≈≈≈≈≈≈≈≈≈≈≈≈≈≈≈≈
≈≈≈≈≈≈≈≈≈≈≈≈≈≈≈≈
≈≈≈≈≈≈≈≈≈≈≈≈≈≈≈≈
..≈≈≈≈≈≈≈≈≈≈?P.P
>.≈≈≈≈≈≈.≈...#
≈≈≈≈≈≈.≈H...###
≈≈≈≈≈..@H.....PP
≈≈≈^)>.†....P...
≈≈≈.............
≈≈.........###.P
≈≈≈≈.......# P
≈≈P≈.##....#
P≈≈≈. ......
≈≈≈≈≈ .##....


You could see 2 harpies.

Vanquished Creatures
  5 deep elf blademasters (Elf:3)
  5 deep elf master archers (Elf:3)
  An orc warlord (Orc:2)
  3 deep elf sorcerers
  3 deep elf elementalists (Elf:3)
  3 deep elf demonologists
  A stone giant (Volcano)
  A minotaur (Gauntlet)
  4 deep elf annihilators (Elf:3)
  8 deep elf death magi
  Snorg (D:11)
  3 deep elf high priests
  A boulder beetle (Lair:5)
  Harold (D:7)
  4 hydras
  3 catoblepae
  A centaur warrior (D:13)
  4 death yaks (Lair:6)
  5 two-headed ogres
  28 dancing weapons
  3 orc high priests (Orc:2)
  15 deep elf knights
  A tengu warrior (Gauntlet)
  Sonja (Lair:1)
  2 unseen horrors
  11 deep elf archers
  An orange crystal statue (D:9)
  Pikel (D:4)
  5 orc sorcerers
  A harpy (Shoals:1)
  2 orc knights (Orc:2)
  2 oklob plants (Lair:2)
  3 manticores
  An ugly thing (D:8)
  49 deep elf magi
  A cyclops (D:12)
  7 black mambas
  19 elephants
  Maurice (D:12)
  A centaur zombie (D:12)
  15 cane toads
  3 torpor snails
  3 gargoyles
  2 efreet
  4 rime drakes
  14 komodo dragons
  2 tengu conjurers (Gauntlet)
  2 queen bees
  A troll (shapeshifter) (Elf:2)
  A meliai (shapeshifter) (Elf:2)
  A merfolk (Shoals:1)
  8 polar bears
  11 trolls
  A wind drake (Lair:2)
  4 hornets (Lair:6)
  5 blink frogs
  Grinder (D:4)
  3 slime creatures (D:12)
  9 dream sheep
  8 flying skulls (Gauntlet)
  Sigmund (D:6)
  62 yaks
  2 air elementals
  4 wyverns
  6 fire bats (Volcano)
  13 spriggans (Lair:6)
  8 fire elementals
  2 water elementals (Elf:2)
  3 basilisks
  3 vampire mosquitoes (D:13)
  4 nagas (Lair:3)
  4 wargs
  Duvessa (D:6)
  15 water moccasins
  A hell hound (Gauntlet)
  33 orc warriors
  A sky beast (D:6)
  3 ice beasts
  2 black bears (Lair:6)
  A black bear (shapeshifter) (Elf:3)
  A necrophage (D:11)
  3 boggarts (Lair:6)
  34 wolves
  3 centaurs
  A phantom (D:6)
  15 ogres
  A lemure (D:4)
  14 bullfrogs
  6 big kobolds
  2 earth elementals
  A wyvern zombie (D:10)
  6 scorpions
  71 killer bees
  A water moccasin skeleton (D:8)
  25 wights
  6 howler monkeys
  6 lava snakes (Volcano)
  4 bullfrog zombies
  7 hounds
  2 jellies
  A bullfrog skeleton (D:9)
  A gnoll shaman (D:9)
  20 orc priests
  5 iguanas
  3 centaur skeletons
  Ijyb (D:3)
  21 orc wizards
  8 worker ants
  5 hell rats (Lair:1)
  8 gnolls
  2 worker ant zombies
  15 adders
  5 river rats (Lair:1)
  3 shadow imps
  4 white imps
  2 ufetubi
  An ooze (D:3)
  2 adder zombies (D:6)
  An adder skeleton (D:10)
  3 worms
  3 dart slugs
  5 leopard geckos
  87 orcs
  5 giant cockroaches
  5 goblins
  4 hobgoblins
  17 jackals
  A quokka (D:8)
  3 ball pythons
  6 bats
  5 frilled lizards
  26 kobolds
  A leopard gecko skeleton (D:4)
  A quokka skeleton (D:5)
  A quokka zombie (D:10)
  6 rats
975 creatures vanquished.

Vanquished Creatures (collateral kills)
  An orc (D:7)
  A kobold (D:7)
2 creatures vanquished.

Vanquished Creatures (others)
  An ogre (D:12)
  2 orc warriors
  Dowan (D:6)
  A wight (D:7)
  A dart slug (D:1)
  75 fungi
  67 plants
  2 toadstools (D:1)
150 creatures vanquished.

Grand Total: 1127 creatures vanquished

Notes
Turn   | Place    | Note
-------+----------+-------------------------------------------
     0 | D:1      | Johnny the Demigod Earth Elementalist began the quest for
                  | the Orb.
     0 | D:1      | Reached XP level 1. HP: 14/14 MP: 5/5
    72 | D:1      | Reached skill level 3 in Earth Magic
   413 | D:1      | Reached XP level 2. HP: 20/20 MP: 5/7
  1385 | D:2      | Reached XP level 3. HP: 23/26 MP: 8/8
  1981 | D:2      | Found a sacrificial altar of Ru.
  2225 | D:2      | Reached skill level 1 in Shields
  2553 | D:3      | Reached XP level 4. HP: 31/33 MP: 5/10
  2614 | D:3      | Reached skill level 4 in Earth Magic
  3234 | D:3      | Reached XP level 5. HP: 36/38 MP: 4/12
  3810 | D:3      | Noticed Ijyb
  3828 | D:3      | Paralysed by Ijyb for 7 turns
  3853 | D:3      | Killed Ijyb
  4282 | D:4      | Found a staircase to the Ecumenical Temple.
  4339 | D:4      | Noticed Grinder
  4361 | D:4      | Killed Grinder
  4361 | D:4      | Reached skill level 5 in Earth Magic
  4361 | D:4      | Reached XP level 6. HP: 37/45 MP: 6/14
  4575 | D:4      | Noticed Pikel
  4856 | D:3      | Learned a level 3 spell: Stone Arrow
  5284 | D:4      | Reached XP level 7. HP: 50/50 MP: 13/15
  5604 | D:4      | Killed Pikel
  5604 | D:4      | Reached skill level 6 in Earth Magic
  5643 | D:5      | Entered Level 5 of the Dungeon
  5692 | D:5      | Reached skill level 7 in Earth Magic
  5826 | D:5      | Reached XP level 8. HP: 49/57 MP: 15/18
  6383 | D:6      | Learned a level 5 spell: Lee's Rapid Deconstruction
  6388 | D:6      | Learned a level 4 spell: Petrify
  6394 | D:6      | Noticed Sigmund
  6408 | D:6      | Killed Sigmund
  6565 | D:6      | Found Beethih's Antique Weapon Emporium.
  6803 | D:6      | Reached skill level 5 in Spellcasting
  6833 | D:6      | Reached skill level 8 in Earth Magic
  7047 | D:6      | Reached skill level 5 in Shields
  7125 | D:6      | Noticed Duvessa
  7125 | D:6      | Noticed Dowan
  7135 | D:6      | Your ally died
  7139 | D:6      | Killed Duvessa
  7540 | D:7      | Got a slimy leather armour
  7552 | D:7      | Identified the +2 leather armour of the Vestibule of Hell
                  | {Int+3 Dex+2} (You found it on level 7 of the Dungeon)
  7583 | D:7      | Reached XP level 9. HP: 47/62 MP: 13/20
  7746 | D:7      | Noticed Harold
  7747 | D:7      | Reached skill level 9 in Earth Magic
  7771 | D:7      | Killed Harold
  9107 | D:8      | Reached skill level 10 in Earth Magic
  9438 | D:8      | Noticed a brown ugly thing
  9586 | D:8      | Killed a brown ugly thing
  9586 | D:8      | Reached XP level 10. HP: 69/69 MP: 3/23
 10583 | D:9      | Noticed an orange crystal statue
 10585 | D:9      | Killed an orange crystal statue
 11029 | D:9      | Reached skill level 11 in Earth Magic
 11478 | D:9      | Found a staircase to the Lair.
 11731 | D:10     | Entered Level 10 of the Dungeon
 12214 | D:10     | Killed an unseen horror
 12300 | D:10     | Noticed a two-headed ogre
 12313 | D:10     | Killed a two-headed ogre
 12313 | D:10     | Reached XP level 11. HP: 70/74 MP: 15/26
 12986 | D:10     | Found a staircase to the Orcish Mines.
 13309 | D:10     | Reached skill level 12 in Earth Magic
 13696 | D:11     | Found Tocsonki's Gadget Shoppe.
 13738 | D:11     | Killed an unseen horror
 14622 | D:11     | Found Safigul's General Store.
 14762 | D:11     | Noticed a six-headed hydra
 14776 | D:11     | Killed a six-headed hydra
 14786 | D:11     | Noticed Snorg
 15769 | D:11     | Killed Snorg
 15919 | D:12     | Reached skill level 13 in Earth Magic
 16043 | D:12     | Found Doutio's Jewellery Shoppe.
 16164 | D:12     | Noticed Maurice
 16171 | D:12     | Killed Maurice
 16279 | D:12     | Found Poocwol's Distillery.
 16284 | D:12     | Bought a potion of heal wounds for 75 gold pieces
 16284 | D:12     | Bought a potion of haste for 150 gold pieces
 16488 | D:12     | Found Dadeg's Assorted Antiques.
 16547 | D:12     | Reached XP level 12. HP: 31/81 MP: 3/29
 16784 | D:12     | Bought a scroll of magic mapping for 73 gold pieces
 17287 | D:12     | Found Cinun's Magic Scroll Shop.
 17292 | D:12     | Bought a scroll of identify for 30 gold pieces
 17292 | D:12     | Bought a scroll of identify for 30 gold pieces
 17502 | D:13     | Noticed a centaur warrior
 17506 | D:13     | Killed a centaur warrior
 17852 | D:13     | Noticed Frances
 18166 | Orc:1    | Entered Level 1 of the Orcish Mines
 18335 | Orc:1    | Found a bloodstained altar of Trog.
 18854 | Orc:2    | Entered Level 2 of the Orcish Mines
 18856 | Orc:2    | Found Ucraami's Antique Weapon Shoppe.
 18865 | Orc:2    | Reached skill level 10 in Shields
 18865 | Orc:2    | Reached skill level 14 in Earth Magic
 19131 | Orc:2    | Found Xuebboerr's Book Shoppe.
 20474 | Orc:2    | Noticed an orc warlord
 20481 | Orc:2    | Found Iplyammifi's General Store.
 21006 | Orc:1    | Reached XP level 13. HP: 57/86 MP: 8/31
 21166 | Orc:2    | Bought 2 potions of mutation for 208 gold pieces
 21166 | Orc:2    | Bought a scroll of teleportation for 39 gold pieces
 21166 | Orc:2    | Bought a scroll of identify for 26 gold pieces
 21166 | Orc:2    | Bought 18 stones for 23 gold pieces
 21268 | Orc:2    | Found Ustrurup's Antique Armour Shoppe.
 21277 | Orc:2    | Bought an embroidered robe for 118 gold pieces
 21294 | Orc:2    | Found a staircase to the Elven Halls.
 21516 | Lair:1   | Entered Level 1 of the Lair of Beasts
 21527 | Lair:1   | Reached skill level 10 in Spellcasting
 22231 | Lair:1   | Noticed Sonja
 22247 | Lair:1   | Killed Sonja
 22291 | Lair:1   | Reached skill level 15 in Earth Magic
 22898 | Lair:2   | Found a gate leading to a gauntlet.
 22904 | Gauntlet | Entered a Gauntlet
 22904 | Gauntlet | Found a transporter.
 22916 | Gauntlet | Found a transporter.
 22916 | Gauntlet | Found a transporter.
 22917 | Gauntlet | Found a transporter.
 22923 | Gauntlet | Identified the ring of Hapry Moegg {Str-2 Int+8 Dex-2 SInv
                  | Stlth-}
 22925 | Gauntlet | Found a transporter.
 22928 | Gauntlet | Found a transporter.
 22929 | Gauntlet | Found a transporter.
 22933 | Gauntlet | Found a runed translucent door.
 22937 | Gauntlet | Found a transporter.
 22940 | Gauntlet | Found a transporter.
 22941 | Gauntlet | Found a transporter.
 22949 | Gauntlet | Found a transporter.
 22949 | Gauntlet | Found a runed translucent door.
 22952 | Gauntlet | Found a transporter.
 22954 | Gauntlet | Found a transporter.
 22962 | Gauntlet | Found a transporter.
 23630 | Gauntlet | Identified the amulet of the Scarab {Regen+ Stlth+}
 23630 | Gauntlet | Noticed a minotaur
 23632 | Gauntlet | Killed a minotaur
 24054 | Lair:2   | Reached skill level 16 in Earth Magic
 24684 | Lair:2   | Found a staircase to the Shoals.
 25371 | Lair:2   | Reached XP level 14. HP: 83/93 MP: 28/34
 25887 | Lair:3   | Found a staircase to the Snake Pit.
 26731 | Lair:2   | Got an ancient scale mail
 26800 | Lair:3   | Got an iridescent halberd
 28084 | Lair:5   | Found a dark tunnel.
 28090 | Lair:5   | Reached skill level 17 in Earth Magic
 28111 | Volcano  | Entered a volcano
 28577 | Volcano  | Found a radiant altar of Vehumet.
 28615 | Volcano  | Found a burning altar of Makhleb.
 29328 | Lair:5   | Found a viscous altar of Jiyva.
 29328 | Lair:5   | Found a staircase to the Slime Pits.
 29454 | Lair:6   | Entered Level 6 of the Lair of Beasts
 30619 | Lair:6   | Reached skill level 18 in Earth Magic
 30656 | Lair:6   | Reached XP level 15. HP: 62/99 MP: 7/36
 31296 | Lair:6   | Learned a level 2 spell: Blink
 31947 | Elf:1    | Entered Level 1 of the Elven Halls
 32025 | Orc:2    | Bought a book of the Earth for 780 gold pieces
 32032 | Orc:2    | Learned a level 6 spell: Iron Shot
 32042 | Orc:2    | Learned a level 9 spell: Shatter
 32046 | Orc:2    | Learned a level 3 spell: Mephitic Cloud
 32515 | Elf:1    | Identified Qiuboocs's Incunabulum of Creative Combat Magic
 32588 | Elf:1    | Identified the cursed +1 scale mail of Hepliaklqana's
                  | Esteem {*Corrode Regen+ Dex+4 Stlth+} (You found it on
                  | level 2 of the Lair of Beasts)
 32845 | Elf:1    | Reached skill level 19 in Earth Magic
 32845 | Elf:1    | Reached XP level 16. HP: 105/105 MP: 38/38
 33802 | Elf:2    | Found an ancient bone altar of Kikubaaqudgha.
 33944 | Elf:2    | Identified the +7 halberd "Sacoacza" {flame, rPois Dex+2}
                  | (You found it on level 3 of the Lair of Beasts)
 34566 | Elf:2    | Found a runed translucent gate.
 34566 | Elf:2    | Found a runed translucent gate.
 34577 | Elf:2    | Found a runed translucent gate.
 34955 | Elf:2    | Reached skill level 20 in Earth Magic
 35079 | Elf:2    | Reached XP level 17. HP: 111/111 MP: 34/40
 35547 | Elf:3    | Entered Level 3 of the Elven Halls
 36118 | Elf:3    | Got an encrusted scale mail
 36462 | Elf:3    | Noticed a deep elf blademaster
 36470 | Elf:3    | Killed a deep elf blademaster
 36475 | Elf:3    | Noticed a deep elf blademaster
 36478 | Elf:3    | Noticed a deep elf blademaster
 36479 | Elf:3    | Killed a deep elf blademaster
 36485 | Elf:3    | Killed a deep elf blademaster
 36895 | Elf:3    | Identified the +9 flail of Jycomi {vorpal, Str+4}
 36899 | Elf:3    | Reached skill level 21 in Earth Magic
 36912 | Elf:3    | Identified the +7 battleaxe of Vengeance {vorpal, rElec
                  | rPois rN+ Str+2}
 37010 | Elf:3    | Identified the cursed +0 plate armour of Vecsibeh {rN+}
 37010 | Elf:3    | Noticed a deep elf blademaster
 37014 | Elf:3    | Killed a deep elf blademaster
 37158 | Elf:3    | Noticed a deep elf blademaster
 37166 | Elf:3    | Killed a deep elf blademaster
 37184 | Elf:3    | Identified the +6 morningstar of the Empty Page {drain,
                  | +Rage rElec Int+5}
 37340 | Elf:3    | Identified Sif Muna's Almanac of Venom and the Birds
 37386 | Elf:3    | Identified the cursed +0 scale mail of New Discoveries
                  | {-Tele +Inv rN+} (You found it on level 3 of the Elven
                  | Halls)
 37829 | Shoals:1 | Entered Level 1 of the Shoals
 37839 | Shoals:1 | Slain by a harpy

Illustrated notes

Levels and vault maps discovered:
D:1:      minmay_arrival_four_loops, layout_rooms, minmay_gold_behind_fungi,
          serial_bayou_pond_e, lemuel_another_geyser
D:2:      layout_basic, overflow_temple_1_default, st_stairs_5
D:3:      layout_basic, serial_glass, glass_columns_a, glass_columns_a,
          glass_columns_b, glass_columns_c, glass_columns_a, glass_columns_a,
          hangedman_decor_points, uniq_ijyb
D:4:      layout_loops_corners, minmay_temple_entry_trees,
          nicolae_underground_beach, uniq_grinder, uniq_pikel
D:5:      layout_cave_pools, kennysheep_generic_room_16
D:6:      layout_basic, serial_shops, nicolae_shop_window_shopping,
          uniq_duvessa, uniq_sigmund
D:7:      wander_river, layout_cave_pools, uniq_harold
D:8:      layout_basic, minmay_manual_mail
D:9:      layout_long_grid, david_lair_shrubbed, minmay_protected_statue
D:10:     layout_loops_ring, david_orc_1_choice
D:11:     layout_cave_pods, serial_shops, shop, shop, serial_bayou_pond_e,
          uniq_snorg
D:12:     layout_roguey [special_room_orc], serial_shops,
          nicolae_shop_behind_doors, shop, shop_scrolls,
          nicolae_shop_statue_plus, uniq_maurice
D:13:     layout_gridville, grunt_vaults_entry_fortified, uniq_frances
Lair:1:   layout_chaotic_city, kennysheep_abandoned_house, grunt_megastairs_5,
          uniq_sonja
Lair:2:   regret_index_harrowing_hell_hive, layout_loops_ring,
          minmay_shoals_entry_beasts, gauntlet_entry_generic, lemuel_fruit_tree
Lair:3:   layout_hall_layers, minmay_snake_entry_guardpost_medium, special_room
          [special_room_bee], chequers_serial_rivers_micro_b,
          kennysheep_catoblepas_arena
Lair:4:   layout_big_grid
Lair:5:   layout_misc_corridors, dpeg_slime_entry_enclosed_altar,
          nicolae_volcano_entry_lava_flow
Lair:6:   minmay_lair_end_enchanted_forest, layout_regular_city, minivault_25,
          grunt_megastairs_2
Shoals:1: layout_shoals, argonaut_gorgonesque
Orc:1:    layout_caves, bloody_trog
Orc:2:    grunt_orc_gardens, layout_caves, grunt_orc_garden, grunt_orc_garden,
          grunt_orc_garden, grunt_orc_garden, special_room
Elf:1:    layout_onion_city, minmay_elf_sorcery
Elf:2:    layout_geoelf_grid, basic_altar
Elf:3:    minmay_elf_hall, layout_onion_city

Skill      XL: |  1  2  3  4  5  6  7  8  9 10 11 12 13 14 15 16 17 |
---------------+----------------------------------------------------+-----
Earth Magic    | 3 4 5 7 8 10 11 13 14 16 18 19 20 21 | 21.3
Spellcasting   | 2 3 4 5 6 7 8 9 11 12 13 14 | 14.8
Shields        | 1 2 3 4 5 6 8 9 10 | 10.5
Dodging        | |  1.7
Stealth        | |  1.7
Transmutations | |  0.8

Action                   |  1- 3 |  4- 6 |  7- 9 | 10-12 | 13-15 | 16-18 || total
-------------------------+-------+-------+-------+-------+-------+-------++-------
Melee: Unarmed           |    20 |       |       |       |       |       ||    20
       Dagger            |    27 |     6 |       |       |       |       ||    33
       Long sword        |       |    54 |     2 |       |       |       ||    56
       Whip              |       |       |   226 |   379 |   309 |     4 ||   918
Throw: Stone             |       |       |       |     1 |       |     1 ||     2
 Cast: Sandblast         |    54 |    71 |    70 |   204 |   256 |    27 ||   682
       Stone Arrow       |       |       |    22 |   107 |   115 |     3 ||   247
       Lee's Rapid Decon |       |       |    11 |    92 |   226 |   121 ||   450
       Petrify           |       |       |     3 |    14 |    12 |     1 ||    30
       Iron Shot         |       |       |       |       |       |    55 ||    55
       Shatter           |       |       |       |       |       |     2 ||     2
Evoke: Wand              |       |       |    25 |    23 |     8 |       ||    56
       Lightning rod     |       |       |       |     6 |    10 |     3 ||    19
       Tin of tremorston |       |       |       |     4 |     1 |       ||     5
       Phial of floods   |       |       |       |       |     1 |     1 ||     2
       Condenser vane    |       |       |       |       |       |     1 ||     1
  Use: Scroll            |       |       |     1 |    27 |    11 |    14 ||    53
       Potion            |       |       |     1 |       |     1 |     3 ||     5
 Stab: Distracted        |     1 |       |       |     2 |       |       ||     3
       Sleeping          |       |     4 |     4 |     1 |     2 |       ||    11
       Petrified         |       |       |     2 |     5 |     5 |       ||    12
       Paralysed         |       |       |       |    24 |     4 |       ||    28
Armor: Robe              |    29 |    17 |    38 |       |       |       ||    84
       Leather armour    |       |       |    64 |   193 |       |       ||   257
       Troll leather arm |       |       |       |    34 |   378 |    24 ||   436
Dodge: Dodged            |    62 |    57 |   152 |   290 |   444 |    32 ||  1037
Block: Buckler           |     8 |    16 |    87 |   211 |   295 |    29 ||   646
       Rpst.: Long sword |       |    14 |       |       |       |       ||    14

Table legend: (Time is in decaauts)
 A = Elapsed time spent in this place.
 B = Non-inter-level travel time spent in this place.
 C = Inter-level travel time spent in this place.
 D = Time resting spent in this place.
 E = Time spent auto-exploring this place.
 F = Levels seen in this place.
 G = Mean time per level.
                   A        B        C        D        E       F      G
               +--------+--------+--------+--------+--------+-----+--------+
         Total |  38033 |  36251 |   1782 |  10826 |  18946 |  27 | 1408.6 |
       Dungeon |  18484 |  17620 |    864 |   4518 |  10220 |  13 | 1421.8 |
          Lair |   9031 |   8616 |    415 |   2281 |   4767 |   6 | 1505.2 |
        Shoals |      9 |      9 |      0 |      0 |      0 |   1 |    9.0 |
  Orcish Mines |   3652 |   3353 |    299 |   1416 |   1234 |   2 | 1826.0 |
   Elven Halls |   5516 |   5314 |    202 |   1903 |   2469 |   3 | 1838.7 |
       Volcano |    574 |    574 |      0 |    309 |    122 |   1 |  574.0 |
      Gauntlet |    764 |    764 |      0 |    399 |    133 |   1 |  764.0 |
               +--------+--------+--------+--------+--------+-----+--------+

Top non-repeatable levels by time:
    D:10: 2284 daAuts
   Orc:2: 2174 daAuts
   Elf:3: 2089 daAuts
    D:11: 2063 daAuts
     D:3: 2010 daAuts
  Lair:2: 1936 daAuts
  Lair:6: 1838 daAuts
   Elf:2: 1778 daAuts
  Lair:3: 1669 daAuts
   Elf:1: 1648 daAuts
    D:12: 1639 daAuts
     D:8: 1582 daAuts
     D:6: 1551 daAuts
   Orc:1: 1478 daAuts
  Lair:1: 1388 daAuts
